 Dungeon Crawl Stone Soup version 0.27.0-1-g7a089689b8 (webtiles) character file.

Game seed: 2659440648748186812

40 kobby the Skirmisher (level 3, -1/24 HPs)
             Began as a Gargoyle Monk on Aug 15, 2021.
             Slain by an adder (2 damage)
             ... on level 2 of the Dungeon.
             The game lasted 00:05:09 (1593 turns).

kobby the Skirmisher (Gargoyle Monk)                Turns: 1593, Time: 00:05:09

Health: -1/24      AC:  6    Str: 13 (14) XL:     3   Next: 50%
Magic:  3/3        EV: 12    Int:  8 (10) God:
Gold:   100        SH:  0    Dex: 10 (13) Spells: 2/2 levels left

rFire    . . .     SeeInvis .   a - +0 short sword
rCold    . . .     Faith    .   (no shield)
rNeg     + . .     Spirit   .   b - +0 robe
rPois    ∞         Reflect  .   (no helmet)
rElec    +         Harm     .   (no cloak)
rCorr    .         Rampage  .   f - +0 pair of gloves
Will     .....                  (no boots)
Stlth    ++........             (no amulet)
HPRegen  0.08/turn              (no ring)
MPRegen  0.08/turn              (no ring)

@: no status effects
A: sickness immunity, AC +3, negative energy resistance 1, electricity
resistance, torment resistance 1, petrification resistance
a: no special abilities


You were on level 2 of the Dungeon.
You visited 1 branch of the dungeon, and saw 2 of its levels.

You collected 100 gold pieces.

Inventory:

Hand Weapons
 a - a +0 short sword (weapon)
Armour
 b - a +0 robe (worn)
 f - a +0 pair of gloves (worn)
Scrolls
 d - a scroll of fear


   Skills:
 + Level 3.7 Fighting
 + Level 3.3 Short Blades
 + Level 2.7 Dodging
 + Level 2.5 Stealth


You had 2 spell levels left.
You didn't know any spells.
Your spell library contained the following spells:

 Spells                   Type           Power      Damage    Failure   Level
 Ignite Poison            Fire/Tmut/Pois 0%         N/A       78%         3
 Mephitic Cloud           Conj/Pois/Air  0%         N/A       78%         3
 Bolt of Magma            Conj/Fire/Erth 0%         4d4       100%        5


Dungeon Overview and Level Annotations

Branches:
Dungeon (2/15)

Altars:

Shops:
D:1 (*:


Innate Abilities, Weirdness & Mutations

You are immune to sickness and miasma.
Your stone body is resilient. (AC +3)
You are immune to poison.
You resist negative energy. (rN+)
You are resistant to electric shocks. (rElec)
You are resistant to unholy torment.
You are immune to petrification.


Message History

The adder bites you. The adder closely misses you.
You closely miss the adder.
The adder is moderately wounded.
The adder bites you but does no damage.
You hit the adder.
The adder is moderately wounded.
The adder bites you but does no damage.
You hit the adder.
The adder is heavily wounded.
The adder bites you but does no damage. x2; The adder barely misses you.
You miss the adder.
The adder is heavily wounded.
The adder bites you. x2
You hit the adder but do no damage.
The adder is heavily wounded.
The adder closely misses you. The adder bites you but does no damage.
You hit the adder.
The adder is severely wounded.
The adder bites you. x2
* * * LOW HITPOINT WARNING * * *
The adder closely misses you.
You miss the adder.
The adder is severely wounded.
The adder bites you but does no damage. The adder bites you.
* * * LOW HITPOINT WARNING * * *
The adder closely misses you.
You hit the adder.
The adder is almost dead.
The adder bites you but does no damage. The adder barely misses you.
You hit the adder.
You kill the adder!
The adder bites you.
* * * LOW HITPOINT WARNING * * *
You feel your strength returning.
As you read the scroll labelled PIREEP GOSM, it crumbles to dust.
It is a scroll of identify.
d - a scroll of fear The adder bites you.
You die...

#####.######...# #...#
#....#.####...#######...#
#...........#.#.........#
#############...........#
...................#
#########..........#
#..........# ##.........#
#@†.......########
#S#####........... #..#
#...#....... ###.# #..##.######
######...####...........
########..........##..#..#..#.#
..................##..#..####.#
..................##..#.......#
..................##..........<


You could see an adder.

Vanquished Creatures
  An adder (D:2)
  3 dart slugs
  3 endoplasms
  A giant cockroach (D:1)
  A goblin (D:1)
  3 hobgoblins
  2 jackals (D:1)
  2 quokkas (D:1)
  2 ball pythons (D:1)
  A frilled lizard (D:2)
  6 rats
25 creatures vanquished.

Notes
Turn   | Place    | Note
-------+----------+-------------------------------------------
     0 | D:1      | kobby the Gargoyle Monk began the quest for the Orb.
     0 | D:1      | Reached XP level 1. HP: 14/14 MP: 1/1
    43 | D:1      | Found Rapnatze's Antique Weapon Shop.
   121 | D:1      | Reached XP level 2. HP: 14/19 MP: 2/2
   208 | D:1      | Found Neryx's Assorted Antiques.
   302 | D:1      | Found Etyomuas's Book Emporium.
   319 | D:1      | Found a faded altar of an unknown god.
  1157 | D:2      | Reached XP level 3. HP: 23/23 MP: 3/3
  1592 | D:2      | HP: 1/24 [adder (4)]
  1593 | D:2      | Slain by an adder

Illustrated notes

Levels and vault maps discovered:
D:1:      saegor_arrival_simple_a, layout_rooms, serial_shops, shop, shop, shop,
          ebering_ecumenical_altar_rust, chequers_serial_rivers_micro_d,
          minmay_misc_feat_four_crosses, minivault_11
D:2:      layout_basic

Skill      XL: |  1  2 |
---------------+-------+-----
Short Blades   | 3 |  3.3
Fighting       | |  3.7
Dodging        | |  2.7
Stealth        | |  2.5

Action                   || total
-------------------------++-------
Melee: Short sword       ||   106
  Use: Potion            ||     3
       Scroll            ||     1
 Stab: Sleeping          ||     4
Armor: Robe              ||    42
Dodge: Dodged            ||    81
